 Dungeon Crawl Stone Soup version 0.29-a0-338-g1ff7896281 (console) character file.

Game seed: 9468088863328942038

40198 fumi the Severer (level 13, -1/123 HPs)
             Began as a Deep Dwarf Wanderer on Apr 17, 2022.
             Was a High Priest of Elyvilon.
             Splashed by an acid blob's acid (3 damage)
             ... on level 4 of the Lair of Beasts.
             The game lasted 00:42:15 (15574 turns).

fumi the Severer (Deep Dwarf Wanderer)             Turns: 15574, Time: 00:42:16

Health: -1/123     AC: 16    Str: 21    XL:     13   Next: 73%
Magic:  1/1        EV:  9    Int: 14    God:    Elyvilon [*****.]
Gold:   579        SH: 14    Dex: 13    Spells: 12/12 levels left

rFire   + . .      SeeInvis .   j - +2 broad axe
rCold   + + +      Faith    .   S - +0 kite shield {rC+}
rNeg    . . .      Spirit   .   r - +2 plate armour {rC+}
rPois   .          Reflect  +   (helmet restricted)
rElec   .          Harm     .   y - scarf {rC+ rF+}
rCorr   .          Rampage  .   a - +2 pair of gloves {Stlth+}
Will    +....                   (no boots)
Stlth   ..........              U - amulet of reflection
HPRegen 0.00/turn               b - +4 ring of evasion
MPRegen 0.07/turn               f - ring of protection from cold

@: corroded, studying 2 skills
A: damage resistance, heal wounds, sense surroundings 2, no regeneration, horns
1, agile 1, mutation resistance 1
a: Heal Wounds, Renounce Religion, Purification, Heal Other, Heal Self, Divine
Vigour


You were on level 4 of the Lair of Beasts.
You worshipped Elyvilon.
Elyvilon was extremely pleased with you.
You visited 3 branches of the dungeon, and saw 17 of its levels.
You also visited: Bailey and Ice Cave.

You collected 1868 gold pieces.
You spent 1289 gold pieces at shops.

Inventory:

Hand Weapons
 i - the +6 hunting sling of Obsession {speed, rF+ Str+2}
   (You found it on level 2 of the Dungeon)

   Attacks with this weapon are significantly faster.
   Str:       It affects your strength (+2).
   rF:        It protects you from fire.
 j - a +2 broad axe (weapon)
 P - a +1 scimitar of flaming
Missiles
 l - 44 poisoned darts (quivered)
Armour
 a - a +2 pair of gloves of stealth (worn)
 c - a +1 helmet
 p - a +0 cloak
 r - a +2 plate armour of cold resistance (worn)
 u - a +1 chain mail of positive energy
 y - a scarf of resistance (worn)
 S - a +0 kite shield of cold resistance (worn)
Jewellery
 b - a +4 ring of evasion (left hand)
 f - a ring of protection from cold (right hand)
 n - a ring of see invisible
 w - a +4 ring of evasion
 C - a ring of fire
 U - an amulet of reflection (around neck)
Wands
 A - a wand of paralysis (14)
 H - a wand of flame (37)
 J - a wand of mindburst (15)
 O - a wand of acid (9)
Scrolls
 d - 4 scrolls of teleportation
 e - 4 scrolls of fog
 h - 3 scrolls of immolation
 k - a scroll of fear
 o - a scroll of blinking
 G - 2 scrolls of enchant armour
 M - 4 scrolls of identify
 Q - a scroll of magic mapping
 R - a scroll of amnesia
Potions
 g - 3 potions of brilliance
 m - 2 potions of magic
 q - 7 potions of curing
 s - a potion of cancellation
 v - 4 potions of attraction
 x - 2 potions of might
 z - 5 potions of berserk rage
 B - 4 potions of haste
 E - 2 potions of resistance
 F - 4 potions of mutation
 I - a potion of flight
 K - 3 potions of lignification


   Skills:
 - Level 10.1 Fighting
 - Level 17.8(18.0) Axes
 - Level 1.0(10.7) Maces & Flails
 - Level 2.6(10.2) Polearms
 - Level 2.0 Throwing
 - Level 10.8 Armour
 - Level 1.1 Dodging
 - Level 3.6 Stealth
 - Level 5.0 Shields
 + Level 10.6 Invocations
 - Level 4.0 Evocations


You had 12 spell levels left.
You didn't know any spells.
Your spell library contained the following spells:

 Spells                   Type           Power      Damage    Failure   Level
 Sandblast                Erth           0%         2d4       100%        1
 Sting                    Tmut/Pois      0%         1d3       100%        1
 Blink                    Tloc           0%         N/A       100%        2
 Passwall                 Tmut/Erth      0%         N/A       100%        2
 Poisonous Vapours        Pois/Air       0%         N/A       100%        2
 Gell's Gravitas          Tloc           0%         N/A       100%        3
 Lesser Beckoning         Tloc           0%         N/A       100%        3
 Stone Arrow              Conj/Erth      0%         3d7       100%        3
 Teleport Other           Tloc           0%         N/A       100%        3
 Olgreb's Toxic Radiance  Pois           0%         N/A       100%        4
 Manifold Assault         Tloc           0%         N/A       100%        5
 Dispersal                Tloc           0%         N/A       100%        6


Dungeon Overview and Level Annotations

Branches:
Dungeon (11/15)            Temple (1/1) D:4            Lair (5/6) D:11
 Shoals (0/4) Lair:4       Bailey (visited)           IceCv (visited)
  Snake: Lair:2-4    Spider: Lair:2-4     Slime: Lair:5-6       Orc: D:9-12

Altars:
Ashenzari
Cheibriados
Dithmenos
Elyvilon
Fedhas
Gozag
Hepliaklqana
Kikubaaqudgha
Makhleb
Nemelex Xobeh
Okawaru
Qazlal
Ru
Sif Muna
Trog
Uskayaw
Vehumet
Wu Jian
Xom
Yredelemnul
Zin
The Shining One
Jiyva

Shops:
D:1 :   D:3 *!=   D:4 *   D:7 [

Annotations:
D:7 1 runed translucent door, zishaf's ghost, novice OgCA
D:8 Gastronok
D:11 exclusion: orange crystal statue
Lair:4 Psyclone's ghost, journeyman OpIE


Innate Abilities, Weirdness & Mutations

You are resistant to damage.
You can heal yourself by infusing magical energy.
You passively map the area around you.
You do not regenerate.
You have a pair of small horns on your head.
You are agile. (Dex +2)
You are somewhat resistant to further mutation.


Message History

You kill the glowing orange brain!
The acid blob quivers.
Your extra speed is starting to run out.
You hear a distant slurping noise.
The door mysteriously vanishes.
Okay, then.
As you read the scroll of teleportation, it crumbles to dust.
You feel strangely unstable.
You feel yourself slow down.
You start waiting.
Your surroundings suddenly seem different.
There is a staircase to the Shoals here.
There is an open door here.
You enter the shallow water.
Moving in this stuff is going to be slow.
The acid blob quivers.
The acid blob spits acid at you. The splash of acid hits you.
* * * LOW HITPOINT WARNING * * *
The acid corrodes you! The acid blob spits acid at you.
The splash of acid reflects off an invisible shield around you!
The splash of acid hits the acid blob.
The acid blob completely resists.
The acid blob spits acid at you. The splash of acid hits you!!
* * * LOW HITPOINT WARNING * * *
The acid blob quivers.
The acid blob spits acid at you. The splash of acid hits you!
* * * LOW HITPOINT WARNING * * *
The acid blob spits acid at you. The splash of acid hits you!
Elyvilon protects you from harm!
There is an open door here.
You close the door.
You hear a slurping noise.
The acid blob eats the door!
You block the acid blob's attack.
The azure jelly quivers.
You slash the acid blob!
Your hands burn!
You die...

#.#.##.##.J..# ######.##.>.##
###....# ###..#.## ### *####
###..P...# ##.#####J..#
#........# ####.....#JJJ..
#.......#####..J.....'JJJ.$
#.......##.##..#.....'JJJ.=
##......J.@J..##.....'JJJ.$
#......#.##..####...#WGJ..
#......####### #.####J..#
####..#### ##########
#P....####### #..#
###.#....P##.# #..###
#............# ########....#
#............# #P##.#.#....#
##............###...........##


You could see 2 acid blobs and an azure jelly.

Vanquished Creatures
  A hydra (D:10)
  A boulder beetle (Lair:3)
  A two-headed ogre (D:11)
  2 catoblepae
  Erica (D:8)
  An ogre mage (D:10)
  A death knight (D:10)
  A glowing orange brain (Lair:4)
  Pikel (D:8)
  A bog body (IceCv)
  2 ugly things
  A necromancer (IceCv)
  2 cyclopes (D:10)
  2 orc knights
  An orc sorcerer (Bailey)
  3 oklob plants (D:11)
  Joseph (D:9)
  Maurice (D:8)
  2 ice statues (IceCv)
  3 cane toads
  5 black mambas
  A gargoyle (D:11)
  Maggie (D:6)
  2 rime drakes (D:11)
  Psyche (D:8)
  3 kobold demonologists
  5 komodo dragons
  An anaconda simulacrum (IceCv)
  8 ice devils (IceCv)
  4 entropy weaver simulacra (IceCv)
  4 trolls
  9 blink frogs
  A hornet (D:7)
  A snapping turtle (Lair:4)
  2 shadows (D:9)
  31 yaks
  2 dire elephant simulacra (IceCv)
  2 wyverns
  Eustachio (D:4)
  Grum (D:8)
  2 basilisks (Lair:3)
  A death yak simulacrum (IceCv)
  3 harpy simulacra (IceCv)
  2 acid dragons
  7 water moccasins
  An ice beast (D:7)
  15 orc warriors
  2 sky beasts
  2 black bears
  11 wolves
  3 centaurs
  10 bullfrogs
  3 kobold brigands (D:11)
  A gnoll sergeant (D:7)
  2 scorpions
  2 necrophages
  5 wights (D:8)
  9 killer bees
  3 electric eels
  3 howler monkeys (D:11)
  A jelly (D:7)
  A gnoll shaman (D:10)
  4 hounds
  11 orc priests
  Terence (D:3)
  Natasha (thrice) (D:3)
  3 iguanas
  9 orc wizards
  8 adders
  16 gnolls
  A naga simulacrum (IceCv)
  An ufetubus (IceCv)
  6 worms
  2 dart slugs (D:4)
  48 orcs
  10 ball pythons
  7 endoplasms
  2 giant cockroaches (D:4)
  15 goblins
  11 hobgoblins
  5 jackals
  4 quokkas
  6 bats
  3 frilled lizards
  16 kobolds
  4 rats
399 creatures vanquished.

Vanquished Creatures (others)
  9 fungi
  7 plants
16 creatures vanquished.

Grand Total: 415 creatures vanquished

Notes
Turn   | Place    | Note
-------+----------+-------------------------------------------
     0 | D:1      | fumi the Deep Dwarf Wanderer began the quest for the Orb.
     0 | D:1      | fumi set off with the following items: a +2 spear, a +0
                  | mace, a +0 helmet, a scroll of teleportation, a +0 leather
                  | armour
     0 | D:1      | Reached XP level 1. HP: 18/18 MP: 1/1
   144 | D:1      | Reached XP level 2. HP: 24/26 MP: 2/2
   157 | D:1      | Found Ifuarov's Book Shoppe.
   505 | D:2      | Reached XP level 3. HP: 11/33 MP: 3/3
   549 | D:2      | Identified the +6 hunting sling of Obsession {speed, rF+
                  | Str+2}
  1017 | D:2      | Found a faded altar of an unknown god.
  1389 | D:3      | Noticed Terence
  1508 | D:3      | Noticed Natasha
  1518 | D:3      | Killed Natasha
  1519 | D:3      | Reached skill level 1 in Throwing
  1519 | D:3      | Reached XP level 4. HP: 33/42 MP: 4/4
  1631 | D:3      | Found Hotatuits's Distillery.
  1637 | D:3      | Bought a potion of flight for 30 gold pieces
  1637 | D:3      | Bought a potion of curing for 30 gold pieces
  1671 | D:3      | Found Cixky's Assorted Antiques.
  1680 | D:3      | Bought a fizzy coppery potion for 24 gold pieces
  1680 | D:3      | Bought a puce potion for 24 gold pieces
  1791 | D:3      | Found a burning altar of Makhleb.
  1908 | D:3      | Reached XP level 5. HP: 39/50 MP: 5/5
  1919 | D:3      | Found a hide-covered altar of Uskayaw.
  2086 | D:3      | Reached skill level 1 in Axes
  2149 | D:3      | Found Omeadgh's Distillery.
  2281 | D:3      | Found Vuoma's Jewellery Shoppe.
  2419 | D:3      | Reached skill level 2 in Axes
  2532 | D:3      | Killed Terence
  2794 | D:4      | Reached skill level 3 in Axes
  2802 | D:4      | Reached XP level 6. HP: 51/57 MP: 6/6
  2920 | D:4      | Found a staircase to the Ecumenical Temple.
  2931 | Temple   | Entered the Ecumenical Temple
  3066 | D:4      | Found a bloodstained altar of Trog.
  3068 | D:4      | Found an ancient bone altar of Kikubaaqudgha.
  3068 | D:4      | Found a glowing golden altar of the Shining One.
  3355 | D:4      | Found Ydasch's CLEARANCE SALE!.
  3361 | D:4      | Bought a potion of heal wounds for 15 gold pieces
  3494 | D:4      | Found a sparkling altar of Nemelex Xobeh.
  3522 | D:4      | Noticed Eustachio
  3700 | D:4      | Killed Eustachio
  3701 | D:4      | Reached skill level 5 in Axes
  3871 | D:5      | Entered Level 5 of the Dungeon
  4043 | D:5      | Reached XP level 7. HP: 15/64 MP: 7/7
  4211 | D:5      | Reached skill level 6 in Axes
  4276 | D:5      | Noticed a two-headed ogre
  4437 | D:5      | Found a sacrificial altar of Ru.
  4806 | D:5      | Reached skill level 7 in Axes
  4976 | D:6      | You fall into a shaft and drop 1 floor!
  4976 | D:7      | Found a broken altar of Ashenzari.
  5083 | D:7      | Reached skill level 8 in Axes
  5093 | D:7      | Found a flagged portal.
  5102 | Bailey   | Entered a bailey
  5157 | Bailey   | Reached XP level 8. HP: 46/72 MP: 7/7
  5214 | Bailey   | Reached skill level 9 in Axes
  5361 | Bailey   | Reached skill level 10 in Axes
  5506 | Bailey   | Noticed an orc knight
  5559 | Bailey   | Reached skill level 11 in Axes
  5566 | Bailey   | Killed an orc knight
  5567 | Bailey   | Gained mutation: You passively map the area around you.
                  | [Deep Dwarf growth]
  5567 | Bailey   | Reached XP level 9. HP: 24/78 MP: 6/6
  5592 | Bailey   | Found an iron altar of Okawaru.
  5592 | Bailey   | Noticed a kobold demonologist
  5592 | Bailey   | Noticed an orc sorcerer
  5593 | Bailey   | Noticed a smoke demon
  5597 | Bailey   | Acquired 817 gold pieces
  5634 | Bailey   | Noticed a smoke demon
  5678 | Bailey   | Gained mutation: You are agile. (Dex +2) [potion of
                  | mutation]
  5678 | Bailey   | Gained mutation: You have a pair of small horns on your
                  | head. [potion of mutation]
  5678 | Bailey   | Gained mutation: You are somewhat resistant to further
                  | mutation. [potion of mutation]
  5684 | Bailey   | Killed an orc sorcerer
  5685 | Bailey   | Reached skill level 12 in Axes
  5854 | Bailey   | Killed a kobold demonologist
  5855 | Bailey   | Reached skill level 13 in Axes
  5879 | Bailey   | Reached skill level 17 in Axes
  5879 | Bailey   | Reached XP level 10. HP: 38/85 MP: 7/7
  6116 | D:7      | Found Xiuch's Armour Shop.
  6159 | D:7      | Bought a +2 plate armour of cold resistance for 560 gold
                  | pieces
  6319 | D:7      | Paralysed by a hornet for 1 turns
  6324 | D:7      | HP: 4/85 [hornet (10)]
  6466 | D:7      | Noticed zishaf's ghost (novice OgCA)
  6478 | D:7      | Found a runed translucent door.
  6494 | D:7      | Found a radiant altar of Vehumet.
  7070 | D:6      | Noticed Maggie
  7090 | D:6      | Killed Maggie
  7267 | D:6      | Found an opulent altar of Gozag.
  7483 | D:3      | Noticed Natasha
  7488 | D:3      | Killed Natasha
  7524 | D:3      | Bought a potion of resistance for 100 gold pieces
  7524 | D:3      | Bought a potion of haste for 100 gold pieces
  7524 | D:3      | Bought a potion of curing for 30 gold pieces
  7524 | D:3      | Bought 2 potions of berserk rage for 100 gold pieces
  7535 | D:3      | Noticed Natasha
  7537 | D:3      | Killed Natasha
  7585 | D:3      | Bought 2 potions of haste for 240 gold pieces
  7585 | D:3      | Bought a potion of lignification for 36 gold pieces
  7676 | D:8      | Noticed Erica
  7714 | D:8      | Noticed Psyche
  7729 | D:8      | Killed Psyche
  7730 | D:8      | Reached XP level 11. HP: 65/92 MP: 8/8
  7780 | D:8      | Noticed Pikel
  7783 | D:8      | Reached skill level 1 in Armour
  7793 | D:8      | Killed Pikel
  7932 | D:8      | Noticed Grum
  7945 | D:8      | Killed Grum
  7993 | D:8      | Reached skill level 5 in Fighting
  8233 | D:8      | Killed Erica
  8253 | D:8      | Found a shimmering blue altar of Sif Muna.
  8357 | D:8      | Noticed Maurice
  8495 | D:8      | Killed Maurice
  8535 | D:8      | Noticed Gastronok
  8863 | D:9      | Reached skill level 5 in Armour
  9302 | D:9      | Noticed Joseph
  9314 | D:9      | Killed Joseph
  9700 | D:9      | Found a white marble altar of Elyvilon.
  9878 | D:9      | Became a worshipper of Elyvilon the Healer
 10138 | D:10     | Entered Level 10 of the Dungeon
 10139 | D:10     | Noticed a death knight
 10305 | D:10     | Found a shimmering altar of Xom.
 10363 | D:10     | Reached skill level 1 in Invocations
 10368 | D:10     | Reached * piety under Elyvilon
 10375 | D:10     | Reached XP level 12. HP: 50/109 MP: 5/7
 10463 | D:10     | Noticed an ogre mage
 10476 | D:10     | Killed an ogre mage
 10519 | D:10     | Noticed a six-headed hydra
 11349 | D:10     | Killed a one-headed hydra
 11525 | D:10     | Killed a death knight
 11526 | D:10     | Reached skill level 5 in Invocations
 11546 | D:11     | Found a runed translucent door.
 11546 | D:11     | Reached ** piety under Elyvilon
 11561 | D:11     | Found a runed translucent door.
 11848 | D:11     | Found a frozen archway.
 11864 | IceCv    | Entered an ice cave
 12262 | IceCv    | Reached skill level 1 in Shields
 12333 | IceCv    | Reached XP level 13. HP: 88/121 MP: 4/4
 12633 | D:11     | Reached *** piety under Elyvilon
 12680 | D:11     | Found a runed translucent door.
 12698 | D:11     | Found a runed translucent door.
 12811 | D:11     | Reached skill level 10 in Armour
 12895 | D:11     | Found a staircase to the Lair.
 13165 | D:11     | HP: 2/121 [oklob plant/splash of acid (14)]
 13327 | Lair:1   | Entered Level 1 of the Lair of Beasts
 13516 | Lair:2   | Reached **** piety under Elyvilon
 13912 | Lair:3   | HP: 8/184 [boulder beetle (12)]
 13982 | Lair:3   | Acquired a +2 pair of gloves of stealth
 14437 | Lair:4   | Reached skill level 10 in Fighting
 14532 | Lair:4   | Reached ***** piety under Elyvilon
 14702 | Lair:4   | Reached skill level 5 in Shields
 14710 | Lair:4   | Acquired a manual of Fighting
 14885 | Lair:4   | Found a staircase to the Shoals.
 14944 | Lair:4   | Found a runed translucent gate.
 14944 | Lair:4   | Found a runed translucent gate.
 14944 | Lair:4   | Found a runed translucent gate.
 14945 | Lair:4   | Noticed an azure jelly
 14945 | Lair:4   | Noticed an acid blob
 14946 | Lair:4   | Noticed an acid blob
 14946 | Lair:4   | Noticed an acid blob
 14946 | Lair:4   | Noticed an acid blob
 14947 | Lair:4   | Noticed an azure jelly
 14947 | Lair:4   | Noticed an azure jelly
 14947 | Lair:4   | Noticed Psyclone's ghost (journeyman OpIE)
 14947 | Lair:4   | Noticed a quicksilver ooze
 14949 | Lair:4   | Noticed an azure jelly
 14949 | Lair:4   | Noticed an azure jelly
 14949 | Lair:4   | Noticed a quicksilver ooze
 15037 | Lair:4   | Reached skill level 10 in Invocations
 15380 | Lair:4   | Noticed an acid blob
 15383 | Lair:4   | Found a viscous altar of Jiyva.
 15569 | Lair:4   | HP: 2/123 [acid blob/splash of acid (9)]
 15570 | Lair:4   | Elyvilon protects you from harm!
 15574 | Lair:4   | Splashed by an acid blob's acid

Illustrated notes

Levels and vault maps discovered:
D:1:      heliophobic_arrival_enchanted_forest, layout_rooms, serial_shops,
          nicolae_shop_trees
D:2:      kennysheep_six_static_rooms, layout_loops_ring,
          hellmonk_ecumenical_altar_inner_sanctum
D:3:      minmay_evil_eye, layout_loops_corners,
          mainiacjoe_overflow_surrounded_room, mainiacjoe_overflow_brackets,
          serial_shops, nicolae_shop_trees, shop, shop, shop, uniq_natasha,
          uniq_terence
D:4:      cheibrodos_helix_gallery, layout_cave_pools,
          gammafunk_temple_overflow_forgotten, nemelex_diamond_rough_becter,
          minmay_temple_entry_glassed_door, chequers_arboretum,
          minmay_misc_feat_roman, corexii_item_surrounded_by_moat,
          nicolae_shop_clearance, uniq_eustachio
D:5:      layout_gridville, kennysheep_little_box
D:6:      layout_basic, nicolae_gozag_cash_rules_everything_around_me,
          uniq_maggie
D:7:      layout_basic, overflow_temple_1_default, nicolae_ashenzari_panopticon,
          enter_bailey_8, hellmonk_ghost_happy_afterlife, serial_shops, shop
D:8:      layout_basic, kennysheep_orc_sif_temple, kennysheep_flooded_box,
          uniq_grum, uniq_gastronok, uniq_erica, uniq_pikel, uniq_psyche,
          uniq_maurice
D:9:      layout_loops_corners, elyvilon_altar_5, dk_rats_in_the_wall,
          uniq_joseph
D:10:     layout_stronghold, xom_butterflies, minmay_misc_feat_columns,
          minmay_fractal_squares_gapless_7
D:11:     layout_irregular_city, dpeg_oklobed_lair, portal_ice_cave_rime,
          grunt_ministairs_11, chequers_serial_rivers_marsh,
          minmay_misc_feat_rows, amcnicky_mini_corridor_feature,
          minmay_statue_crystal_thing
Temple:   kb_temple_of_zot
Lair:1:   layout_regular_city, chequers_serial_rivers_micro_d,
          fungi_pond_lemuel, uniq_amaemon
Lair:2:   layout_cave_pods, dummy_spider_entry
Lair:3:   layout_hall_layers, cheibrodos_lair_caveside_slide,
          grunt_forest_small_clearings
Lair:4:   layout_roguey, minmay_shoals_entry_hut, gammafunk_ghost_ooze
Lair:5:   layout_regular_city

Skill      XL: |  1  2  3  4  5  6  7  8  9 10 11 12 13 |
---------------+----------------------------------------+-----
Fighting       | 2 3 4 7 9 10 | 10.1
Throwing       | 1 2 |  2.0
Axes           | 3 5 8 11 17 | 17.8
Armour         | 7 9 10 | 10.8
Invocations    | 1 7 10 | 10.6
Evocations     | 4 |  4.0
Shields        | 1 5 |  5.0
Maces & Flails | |  1.0
Polearms       | |  2.6
Dodging        | |  1.1
Stealth        | |  3.6

Action                   |  1- 3 |  4- 6 |  7- 9 | 10-12 | 13-15 || total
-------------------------+-------+-------+-------+-------+-------++-------
Melee: Spear             |    99 |    12 |       |       |       ||   111
       Punch             |     1 |     3 |     2 |     7 |       ||    13
       Hand axe          |       |   255 |       |       |       ||   255
       War axe           |       |    21 |   114 |       |       ||   135
       Broad axe         |       |       |    99 |   684 |   334 ||  1117
       Headbutt          |       |       |     2 |   171 |    73 ||   246
       Scimitar          |       |       |       |     8 |       ||     8
 Fire: Hunting sling     |    20 |    17 |       |       |       ||    37
Throw: Dart              |     3 |    10 |    26 |    11 |    23 ||    73
       Throwing net      |       |       |     1 |       |       ||     1
Invok: Heal Self         |       |       |       |       |     1 ||     1
 Abil: Heal Wounds       |     1 |     4 |    18 |    44 |    24 ||    91
Evoke: Wand              |       |       |       |     2 |     2 ||     4
  Use: Scroll            |       |     3 |    10 |     6 |     9 ||    28
       Potion            |       |       |     8 |     2 |     8 ||    18
 Stab: Sleeping          |     7 |       |       |       |       ||     7
       Invisible         |       |       |     3 |       |       ||     3
       Paralysed         |       |       |       |     5 |     3 ||     8
       Petrifying        |       |       |       |       |     1 ||     1
       Petrified         |       |       |       |       |     1 ||     1
Armor: Leather armour    |     7 |       |       |       |       ||     7
       Ring mail         |     5 |     1 |       |       |       ||     6
       Chain mail        |       |   156 |    33 |       |       ||   189
       Plate armour      |       |       |    26 |   268 |    91 ||   385
       Skin              |       |       |       |    10 |       ||    10
Dodge: Dodged            |    31 |   222 |    96 |   251 |    85 ||   685
Block: Kite shield       |       |       |       |    12 |   195 ||   207
       Reflection        |       |       |       |       |     1 ||     1

Table legend: (Time is in decaauts)
 A = Elapsed time spent in this place.
 B = Non-inter-level travel time spent in this place.
 C = Inter-level travel time spent in this place.
 D = Time resting spent in this place.
 E = Time spent auto-exploring this place.
 F = Levels seen in this place.
 G = Mean time per level.
                   A        B        C        D        E       F      G
               +--------+--------+--------+--------+--------+-----+--------+
         Total |  15406 |  14351 |   1055 |    788 |   9360 |  19 |  810.8 |
       Dungeon |  11584 |  10631 |    953 |    602 |   7285 |  11 | 1053.1 |
        Temple |     97 |     89 |      8 |      0 |     83 |   1 |   97.0 |
          Lair |   2220 |   2126 |     94 |     74 |   1384 |   5 |  444.0 |
        Bailey |    994 |    994 |      0 |      3 |    462 |   1 |  994.0 |
      Ice Cave |    509 |    509 |      0 |    109 |    146 |   1 |  509.0 |
               +--------+--------+--------+--------+--------+-----+--------+

Top non-repeatable levels by time:
     D:3: 1542 daAuts
     D:9: 1386 daAuts
     D:8: 1306 daAuts
  Lair:4: 1266 daAuts
    D:11: 1218 daAuts
     D:4: 1195 daAuts
    D:10: 999 daAuts
  Bailey: 994 daAuts
     D:7: 917 daAuts
     D:5: 914 daAuts
     D:2: 883 daAuts
     D:6: 759 daAuts
  Lair:3: 744 daAuts
   IceCv: 509 daAuts
     D:1: 462 daAuts
